[Event "Late-Titled-Tuesday-Blitz-February-13-2024"]
[Site "Chess.com"]
[Date "2024.02.13"]
[Round "5"]
[White "korkmaz16"]
[Black "Payyappat"]
[Result "1-0"]
[WhiteElo "2429"]
[BlackElo "2561"]
[TimeControl "180+1"]
[EndTime "14:55:30 PST"]
[Termination "korkmaz16 won by resignation"]

1. e4 c6 2. d4 d5 3. Nc3 dxe4 4. Nxe4 Nf6 5. Nxf6+ exf6 6. c3 Bd6 7. Bd3 O-O 8.
Qc2 Re8+ 9. Ne2 h5 10. Be3 Nd7 11.
O-O-O Nf8 12. c4 Be6 13. Nc3 Rc8 14. Rhe1 Bb4 15. h3 b5 16. c5 Qa5 17. a3 Bxc3 18.
Qxc3 Qxc3+ 19. bxc3 a5 20. Bf4 Bb3 21. Bc2 Bc4 22.
Bd6 Ne6 23. Bf5 Ra8 24. g4 b4 25. Kb2 bxa3+ 26. Kxa3 g6 27. Be4 Rec8 28. gxh5 gxh5 29. Rg1+ Ng7 30. Rg2 Kh8 31. Rdg1 Rg8 32. Be7 f5 33. Bxc6 Ra6 34. d5 a4 35. Bf6 Rb8 36. Rxg7 Rb3+ 37.
Ka2 Rb4+ 38. Ka1 1-0

[Event "Late-Titled-Tuesday-Blitz-February-13-2024"]
[Site "Chess.com"]
[Date "2024.02.13"]
[Round "5"]
[White "Ready4abattle"]
[Black "HajiyevKanan"]
[Result "1-0"]
[WhiteElo "2250"]
[BlackElo "2470"]
[TimeControl "180+1"]
[EndTime "14:55:32 PST"]
[Termination "Ready4abattle won by checkmate"]

1. e4 c6 2. d4 d5 3. e5 a6 4. Nd2 c5 5. dxc5 Nc6 6. Ngf3 Bg4 7. h3 Bh5 8. g4 Bg6 9. Bd3 e6 10. Nb3 Bxc5 11. Nxc5 Qa5+ 12. c3 Qxc5 13. Be3 Qa5 14. h4 Nge7 15. h5 Bxd3 16. Qxd3 h6 17. O-O Qb5 18.
Qxb5 axb5 19. Bc5 Kd7 20. Rfe1 Ra4 21. Nd4 Nxd4 22. cxd4 Nc6 23. b3 Ra6 24. Re2 Rha8 25. Rd2 b6 26. Bd6 f6 27. f4 Na5 28. Rc1 R6a7 29.
Rdc2 fxe5 30. fxe5 Ke8 31. Rc8+ Rxc8 32. Rxc8+ Kd7 33. Rg8 Kc6 34. Bf8 Nb7 35. Bxg7 Rxa2 36.
Bxh6 Na5 37. Bf8 Nxb3 38. h6 Nxd4 39. h7 Nf3+ 40. Kf1 Rh2 41. h8=Q Rxh8 42. Rxh8 Nxe5 43.
g5 d4 44. Bg7 Nf3 45. g6 Kd5 46. Rd8+ Ke4 47. Bxd4 Nxd4 48. Rxd4+ Kxd4 49. g7 b4 50. g8=Q e5 51. Qb3 e4 52. Qxb4+ Kd3 53. Qxb6 e3 54. Qd6+ Kc2 55. Ke2 Kc3 56. Qd3+ Kb2 57. Kxe3 Ka2 58. Qb5 Ka3 59. Kd3 Ka2 60. Qb4 Ka1 61. Kc2 Ka2 62.
Qb2# 1-0

[Event "Late-Titled-Tuesday-Blitz-February-13-2024"]
[Site "Chess.com"]
[Date "2024.02.13"]
[Round "5"]
[White "LiamPutnam2008"]
[Black "RandomNoob04"]
[Result "1-0"]
[WhiteElo "2853"]
[BlackElo "2612"]
[TimeControl "180+1"]
[EndTime "14:55:33 PST"]
[Termination "LiamPutnam2008 won by checkmate"]

1. Nf3 c5 2. e3 Nf6 3. b3 d5 4. Bb2 a6 5. c4 e6 6. cxd5 exd5 7. d4 Nc6 8. Be2 cxd4 9. Nxd4 Bb4+ 10. Bc3 Bxc3+ 11. Nxc3 O-O 12. O-O Re8 13. Rc1 Ne5 14. Qd2 Bg4 15. Rfd1 Qd7 16. Bxg4 Qxg4 17. h3 Qg6 18.
Qc2 Qh6 19. Nf5 Qg5 20. Nxd5 Nxd5 21. Rxd5 g6 22. f4 Qh5 23. Rxe5 Rxe5 24. fxe5 gxf5 25.
Rf1 Qg5 26. Qxf5 Qxe3+ 27. Kh1 Rf8 28. Qg4+ Kh8 29. e6 f6 30. Rd1 f5 31. Qc4 Re8 32. Rf1 Qxe6 33. Qd4+ Qe5 34. Qd7 Re7 35. Qc8+ Kg7 36. Rxf5 Qg3 37. Qf8+ Kg6 38. Qf6# 1-0

[Event "Late-Titled-Tuesday-Blitz-February-13-2024"]
[Site "Chess.com"]
[Date "2024.02.13"]
[Round "5"]
[White "NikolaGry"]
[Black "topce"]
[Result "1-0"]
[WhiteElo "2717"]
[BlackElo "2396"]
[TimeControl "180+1"]
[EndTime "14:55:33 PST"]
[Termination "NikolaGry won on time"]

1. d4 e6 2. Nf3 Nf6 3. g3 c5 4.
Bg2 g6 5. O-O Na6 6. c4 d6 7. Nc3 Bg7 8. dxc5 Nxc5 9. Bf4 e5 10.
Be3 O-O 11. Nxe5 Ne6 12. Nd3 Ng4 13. Bd2 h5 14. h3 Ne5 15. Nxe5 dxe5 16. Be3 Nd4 17.
Qd2 Be6 18. Nd5 Qd7 19. Kh2 Rad8 20. Rfd1 b5 21. b3 bxc4 22. bxc4 Rc8 23. Rac1 Qa4 24. Ne7+ Kh7 25. Nxc8 Rxc8 26. Bd5 Bxd5 27. cxd5 Rxc1 28. Rxc1 Qd7 29. Qa5 Nxe2 30. Rc7 Qf5 31. Qd2 Nd4 32. Bxd4 exd4 33. Qf4 Qxf4 34. gxf4 d3 35. Rc1 1-0

[Event "Late-Titled-Tuesday-Blitz-February-13-2024"]
[Site "Chess.com"]
[Date "2024.02.13"]
[Round "5"]
[White "szefru"]
[Black "Walter_White_Poland"]
[Result "1-0"]
[WhiteElo "2266"]
[BlackElo "2423"]
[TimeControl "180+1"]
[EndTime "14:55:33 PST"]
[Termination "szefru won by resignation"]

1. e4 e5 2. Nf3 Nc6 3. Bb5 a6 4. Ba4 Nge7 5. O-O g6 6. d4 exd4 7. Nxd4 Bg7 8. c3 O-O 9. Bg5 h6 10. Nxc6 bxc6 11. Bh4 Rb8 12. Bb3 g5 13. Bg3 Ng6 14.
Nd2 d6 15. Qh5 Kh7 16. f4 gxf4 17. Bxf4 Rb5 18. Qf3 Be6 19. c4 Ra5 20. Rad1 Nxf4 21. Qxf4 Qg5 22. Qf2 Qe7 23. Nf3 Rh5 24. Bc2 Be5 25.
Nxe5 Rxe5 26. b3 Rg8 27. Kh1 Qg5 28. Rd3 Qh5 29. Rf3 Kh8 30. Rf6 Reg5 31. Qf4 Kg7 32. Bd1 Bg4 33. Rxf7+ Kh8 34. Qf6+ R5g7 35. Bxg4 Qxg4 36.
Qxh6+ 1-0

[Event "Late-Titled-Tuesday-Blitz-February-13-2024"]
[Site "Chess.com"]
[Date "2024.02.13"]
[Round "5"]
[White "Rodalquilar"]
[Black "nihalsarin"]
[Result "0-1"]
[WhiteElo "2773"]
[BlackElo "3191"]
[TimeControl "180+1"]
[EndTime "14:55:34 PST"]
[Termination "nihalsarin won by resignation"]

1. d4 Nf6 2. Nf3 d5 3. Bf4 Bf5 4. e3 e6 5. Nbd2 Bd6 6. Ne5 O-O 7. g4 Bxe5 8. dxe5 Nxg4 9. Rg1 Qh4 10. Rg3 f6 11.
Nf3 Qh5 12. Be2 Qe8 13. h3 fxe5 14. Nxe5 Nxe5 15. Bxe5 Bg6 16. h4 Nc6 17. Bxg7 Kxg7 18. h5 Qf7 19. f4 Qf6 20. hxg6 hxg6 21. Bd3 Ne7 22. Kd2 Rh8 23. Qg1 Rh6 24. Rf1 Rah8 25. Rf2 Qxb2 26. Rfg2 Qf6 27. Rg5 Kf7 28. Qb1 b6 29. Qb5 c5 30. Qd7 Rg8 31. c3 a5 32.
a4 Rg7 33. Kc2 c4 34. Be2 Rh3 35. Kd2 Rh1 36. Bg4 Kg8 37. Bxe6+ Kh7 38. R5g3 Nf5 39.
Qxd5 Nxg3 40. Rxg3 Rh2+ 41. Kd1 Qxc3 42. Rh3+ Rxh3 43. Bxh3 Qxe3 0-1

[Event "Late-Titled-Tuesday-Blitz-February-13-2024"]
[Site "Chess.com"]
[Date "2024.02.13"]
[Round "5"]
[White "Cambek64"]
[Black "titomagno_64"]
[Result "1-0"]
[WhiteElo "2504"]
[BlackElo "2213"]
[TimeControl "180+1"]
[EndTime "14:55:34 PST"]
[Termination "Cambek64 won on time"]

1. e4 g6 2. d4 Nf6 3. f3 Bg7 4.
c4 d6 5. Nc3 O-O 6. Be3 a6 7.
Qd2 Nc6 8. Nge2 Rb8 9. d5 Na5 10. Ng3 c5 11. h4 h5 12. Bh6 b5 13. Bxg7 Kxg7 14. cxb5 axb5 15. Bxb5 Qb6 16. O-O Ba6 17. Bxa6 Qxa6 18. Qg5 Rh8 19. b3 c4 20. bxc4 Qxc4 21. Rac1 Rb2 22. Kh2 Qd3 23. Nf5+ Kf8 24. Nxe7 Nh7 25.
Nxg6+ fxg6 26. Qd8+ Kg7 27. Qxa5 Rf8 28. Qc7+ Rf7 29. Qxd6 Qd2 30. Qe5+ Kg8 31. Qg3 Nf6 32. Rfd1 Qh6 33. d6 Nd7 34. e5 Nxe5 35. Qxe5 Rxf3 36.
d7 1-0

[Event "Late-Titled-Tuesday-Blitz-February-13-2024"]
[Site "Chess.com"]
[Date "2024.02.13"]
[Round "5"]
[White "sari07"]
[Black "aqibjbutt"]
[Result "0-1"]
[WhiteElo "2394"]
[BlackElo "2087"]
[TimeControl "180+1"]
[EndTime "14:55:35 PST"]
[Termination "aqibjbutt won on time"]

1. d4 c6 2. Nc3 d5 3. Bf4 Nf6 4. e3 Bf5 5. f3 Bg6 6. g4 e6 7. h4 h5 8. g5 Nfd7 9. Bd3 Bxd3 10.
Qxd3 g6 11. e4 Qb6 12. O-O-O Qa6 13. Qe3 Nb6 14. Kb1 Bb4 15. Nge2 N8d7 16. Qc1 Nc4 17. Rd3 b5 18. b3 Ba3 19. Qd1 Nb2 20. Qd2 Nxd3 21. cxd3 Bb4 22. Qc2 O-O 23. Ng3 Rfc8 24. Nce2 c5 25. Qb2 cxd4 26. Qxd4 Bc5 27. Qb2 Bd6 0-1

[Event "Late-Titled-Tuesday-Blitz-February-13-2024"]
[Site "Chess.com"]
[Date "2024.02.13"]
[Round "5"]
[White "YurasovMat-2012"]
[Black "ckgchess"]
[Result "0-1"]
[WhiteElo "2656"]
[BlackElo "2867"]
[TimeControl "180+1"]
[EndTime "14:55:37 PST"]
[Termination "ckgchess won on time"]

1. e4 e5 2. Nf3 Nf6 3. Nxe5 d5 4. exd5 Qxd5 5. Nf3 Nc6 6. Nc3 Qh5 7. Be2 Bd6 8. d4 Bg4 9. Be3 O-O 10. Qd2 Rfe8 11. O-O-O Bb4 12. h3 Ne4 13. hxg4 Qa5 14. Qd3 Bxc3 15. a3 b5 16. Qxb5 Rab8 17. Qxa5 Bxb2+ 18. Kb1 Nxa5 19. Rd3 Nc4 20. Rb3 Nc3+ 21. Rxc3 Bxc3+ 22. Kc1 Nxe3 23. fxe3 Rxe3 24. Bd3 g6 25. d5 Rb2 26. Bc4 Re4 27. Bb3 Rxg4 28. Rd1 Rxg2 29. Rd3 Bf6 30.
d6 cxd6 31. Rxd6 Kg7 32. Rd7 Rxb3 33. cxb3 h5 34. Rxa7 h4 35. b4 h3 36. b5 Rf2 0-1

[Event "Late-Titled-Tuesday-Blitz-February-13-2024"]
[Site "Chess.com"]
[Date "2024.02.13"]
[Round "5"]
[White "TanitoluwaAps116"]
[Black "dosto07"]
[Result "1-0"]
[WhiteElo "2780"]
[BlackElo "2534"]
[TimeControl "180+1"]
[EndTime "14:55:38 PST"]
[Termination "TanitoluwaAps116 won by resignation"]

1. Nf3 d5 2. b3 Nf6 3. Bb2 Bg4 4.
e3 Nbd7 5. d4 e6 6. Nbd2 Bd6 7.
h3 Bh5 8. Bd3 O-O 9. c4 c6 10.
Qc2 Qe7 11. Ne5 Bg6 12. f4 Ba3 13. Bc3 Bb4 14. O-O Bxd3 15. Nxd3 Bxc3 16. Qxc3 Rac8 17. b4 dxc4 18. Qxc4 Nd5 19. Rae1 a5 20. bxa5 c5 21. Ne4 cxd4 22. Qxd4 Qa3 23. f5 Qxa5 24. fxe6 fxe6 25.
Ng5 Rxf1+ 26. Rxf1 Qc3 27. Rc1 Qxc1+ 28. Nxc1 Rxc1+ 29. Kh2 Nf8 30. Nxe6 Nxe6 31. Qxd5 Kf7 32. Qxb7+ Rc7 33.
Qd5 Kf6 34. a4 Ra7 35. a5 Ke7 36. Qb5 Kd8 37. Qb6+ Rc7 38. a6 Nc5 39. a7 Kd7 40. a8=Q 1-0

[Event "Late-Titled-Tuesday-Blitz-February-13-2024"]
[Site "Chess.com"]
[Date "2024.02.13"]
[Round "5"]
[White "claudyna16"]
[Black "GoValya"]
[Result "1-0"]
[WhiteElo "2431"]
[BlackElo "2248"]
[TimeControl "180+1"]
[EndTime "14:55:38 PST"]
[Termination "claudyna16 won on time"]

1. c4 c5 2. g3 Nf6 3. Bg2 g6 4. Nc3 Bg7 5. e3 O-O 6. Nge2 Nc6 7. O-O e5 8. h3 d6 9. d3 a6 10. Rb1 Be6 11. Nd5 Bxd5 12. cxd5 Nb4 13. Nc3 a5 14. a3 Na6 15. e4 Nc7 16. a4 Qd7 17. f4 Nh5 18. Ne2 b5 19. f5 c4 20. axb5 cxd3 21.
Qxd3 Nxb5 22. g4 Nf4 23. Nxf4 exf4 24. Bxf4 Rab8 25. Rfc1 Nd4 26. Be3 Rb3 27. Qd2 Rb4 28. Qd1 Rfb8 29. Bf1 Be5 30. Rc4 Rxc4 31. Bxc4 Rb4 32.
b3 Nb5 33. Qd3 Nc3 34. Rc1 Na2 35. Rc2 Nc3 36. Rxc3 Bxc3 37. Qxc3 Qe7 38. e5 Qh4 39. Kg2 dxe5 40. d6 Qd8 41. Qxe5 1-0

[Event "Late-Titled-Tuesday-Blitz-February-13-2024"]
[Site "Chess.com"]
[Date "2024.02.13"]
[Round "5"]
[White "stregachess"]
[Black "ChEsper99"]
[Result "1-0"]
[WhiteElo "2058"]
[BlackElo "2191"]
[TimeControl "180+1"]
[EndTime "14:55:38 PST"]
[Termination "stregachess won on time"]

1. d4 Nf6 2. Nf3 g6 3. Bf4 Bg7 4. e3 O-O 5. Be2 d6 6. O-O Nh5 7. Bg5 h6 8. Bh4 g5 9. Nfd2 Nf6 10. Bg3 Nc6 11. c4 e5 12. d5 Ne7 13. Nc3 Nf5 14.
Rc1 b6 15. Bd3 Nxg3 16. hxg3 Nd7 17. g4 Nc5 18. Be2 f5 19. b4 Na6 20. a3 Nb8 21.
gxf5 Bxf5 22. f4 exf4 23. exf4 Bd4+ 24. Kh2 gxf4 25. Nf3 Be3 26. Bd3 Bxc1 27. Bxf5 Rxf5 28. Qxc1 Nd7 29. Nd4 Qh4+ 30. Kg1 Rh5 31. Qxf4 1-0

[Event "Late-Titled-Tuesday-Blitz-February-13-2024"]
[Site "Chess.com"]
[Date "2024.02.13"]
[Round "5"]
[White "viniciusrego"]
[Black "BardArtem"]
[Result "1-0"]
[WhiteElo "2394"]
[BlackElo "2762"]
[TimeControl "180+1"]
[EndTime "14:55:39 PST"]
[Termination "viniciusrego won on time"]

1. Nf3 Nf6 2. c4 b6 3. Nc3 Bb7 4. g3 g6 5. Bg2 Bg7 6. d4 O-O 7.
O-O Ne4 8. Qc2 Nxc3 9. Qxc3 e6 10. Rd1 d6 11. Qc2 Nd7 12. e4 h6 13. h4 Qe7 14.
Rb1 c5 15. d5 exd5 16. exd5 Rfe8 17. Bf4 Nf6 18. Re1 Qd7 19. Nd2 Nh5 20. Be3 Re7 21. Bf3 Nf6 22. Bf4 Rae8 23. Rxe7 Rxe7 24. Kg2 Ng4 25.
Qd1 Ne5 26. Be2 Qf5 27. Be3 b5 28. b3 b4 29. Rc1 Bc8 30. Qc2 Qh3+ 31. Kg1 Bf5 32. Qd1 Bg4 33. Qf1 Qxf1+ 34. Bxf1 Bf5 35. Kg2 Nd3 36. Rd1 Ne5 37. Bf4 f6 38. Re1 Kf7 39.
Ne4 Bxe4+ 40. Rxe4 f5 41. Re1 Ng4 42. Rxe7+ Kxe7 43.
Be2 Nf6 44. f3 Nd7 45. Be3 a5 46. Bd3 Nb6 47. h5 gxh5 48. Bxf5 Bf6 49. Bxh6 a4 50.
Bg6 Nxc4 51. bxc4 b3 52. axb3 a3 53. Bb1 1-0

[Event "Late-Titled-Tuesday-Blitz-February-13-2024"]
[Site "Chess.com"]
[Date "2024.02.13"]
[Round "5"]
[White "Hirna2005"]
[Black "Championnn-9"]
[Result "0-1"]
[WhiteElo "2304"]
[BlackElo "2528"]
[TimeControl "180+1"]
[EndTime "14:55:39 PST"]
[Termination "Championnn-9 won by resignation"]

1. e4 c5 2. c3 Nf6 3. e5 Nd5 4. Nf3 Nc6 5. Bc4 Nb6 6. Bb3 d5 7. exd6 Qxd6 8. O-O Bf5 9. d4 cxd4 10. Nxd4 Nxd4 11.
cxd4 e6 12. Nc3 Be7 13. Qf3 O-O 14. Qxb7 Bf6 15. Be3 a5 16. Nb5 Qb8 17. Qxb8 Rfxb8 18. a4 Be4 19. f3 Bd5 20. Bxd5 Nxd5 21. Bf2 Bg5 22. g3 Nb4 23. f4 Bf6 24. Rac1 Rc8 25. Rfd1 h6 26. Rc3 Nd5 27. Rcc1 Be7 28. Kf1 g5 29.
fxg5 Bxg5 30. Rc5 Be7 31. Rxc8+ Rxc8 32. Ke2 Bg5 33. Kd3 Nb4+ 34. Ke4 Rc2 35. Bg1 Rxb2 36. h4 Be7 37. Rc1 Nd5 38. Nc7 Nf6+ 39. Kf3 Rb3+ 40. Kg2 Ne4 41. d5 Rxg3+ 42. Kh2 Bd6 43. Ne8 Bf4 44. Rc8 Rc3+ 45. Kh1 Rxc8 46. dxe6 Rxe8 0-1

[Event "Late-Titled-Tuesday-Blitz-February-13-2024"]
[Site "Chess.com"]
[Date "2024.02.13"]
[Round "5"]
[White "koncheto"]
[Black "FM_Kappeler"]
[Result "1-0"]
[WhiteElo "2487"]
[BlackElo "2260"]
[TimeControl "180+1"]
[EndTime "14:55:39 PST"]
[Termination "koncheto won by resignation"]

1. e4 c5 2. Nf3 Nc6 3. d4 cxd4 4.
Nxd4 e5 5. Nb5 a6 6. Nd6+ Bxd6 7. Qxd6 Qf6 8. Qxf6 Nxf6 9. Nc3 Nb4 10. Bd3 d6 11. Bg5 Be6 12. O-O-O Rc8 13. a3 Nxd3+ 14.
Rxd3 Rc6 15. f3 Kd7 16. Rhd1 Rhc8 17. R1d2 Ne8 18. g4 Nc7 19. Be3 Bc4 20. Rd5 Bxd5 21. exd5 Rc4 22. Ne2 Nb5 23. b3 Nxa3 24. bxc4 Nxc4 25.
Rd3 a5 26. Nc3 Ra8 27. Na4 Ra6 28. Rc3 b5 29. Bf2 g6 30. Nb6+ Rxb6 31. Rxc4 Ra6 32. Rc3 a4 33. Kb2 f5 34. Ka3 fxg4 35. fxg4 Ra8 36.
Rh3 Rf8 37. Rxh7+ Kc8 38. Bb6 Rf3+ 39. Kb4 a3 40. Kxb5 a2 41. Ra7 Rh3 42. Rxa2 Rxh2 43. Kc6 1-0

[Event "Late-Titled-Tuesday-Blitz-February-13-2024"]
[Site "Chess.com"]
[Date "2024.02.13"]
[Round "5"]
[White "Supelyel"]
[Black "abeljusto"]
[Result "1-0"]
[WhiteElo "2363"]
[BlackElo "2096"]
[TimeControl "180+1"]
[EndTime "14:55:40 PST"]
[Termination "Supelyel won on time"]

1. c4 e5 2. Nc3 f5 3. g3 Nf6 4.
Bg2 Nc6 5. d3 Bc5 6. e3 O-O 7.
Nge2 a6 8. O-O d6 9. Rb1 Qe8 10. Nd5 Nxd5 11. cxd5 Ne7 12. d4 Bb6 13. dxe5 dxe5 14.
Bd2 Qh5 15. Bb4 Re8 16. Nc3 Qg6 17. d6 cxd6 18. Qxd6 Qxd6 19. Bxd6 Ng6 20. Nd5 Bd8 21. Rbc1 Be6 22. Nc3 e4 23. Rfd1 Bf6 24. b3 Rac8 25. Na4 Rxc1 26. Rxc1 Rc8 27. Rxc8+ Bxc8 28. Nc5 Ne5 29. Bh3 Nf3+ 30. Kh1 g6 31. Nxe4 Be5 32. Bxe5 Nxe5 33. Nd6 Be6 34. Bg2 1-0

[Event "Late-Titled-Tuesday-Blitz-February-13-2024"]
[Site "Chess.com"]
[Date "2024.02.13"]
[Round "5"]
[White "Durarbayli"]
[Black "Jospem"]
[Result "1-0"]
[WhiteElo "2941"]
[BlackElo "3030"]
[TimeControl "180+1"]
[EndTime "14:55:42 PST"]
[Termination "Durarbayli won by resignation"]

1. e4 c5 2. Nf3 d6 3. d4 cxd4 4. Nxd4 a6 5. c4 e6 6. Nc3 Nf6 7. Be2 b6 8. Be3 Bb7 9. Qc2 Nbd7 10. g4 h6 11. h4 Rc8 12. O-O-O Ne5 13. g5 Nfg4 14. g6 Qf6 15. Qa4+ Ke7 16. Nd5+ exd5 17. Nf5+ Kd8 18. Bxb6+ Rc7 19. Qa5 Kc8 20. Bxc7 fxg6 21. cxd5 Nxf2 22. Kb1 Nxe4 23. Bxa6 Bxa6 24. Qxa6+ Kxc7 25. Nd4 Nc5 26. Qa7+ Kd8 27. Rhe1 Be7 28. Nc6+ Ke8 29.
Qb8+ Kd7 30. Qxh8 Bf8 31. Nxe5+ dxe5 32. Rf1 Qxh4 33. Qxf8 Qe4+ 34. Ka1 Nb3+ 35. axb3 1-0

[Event "Late-Titled-Tuesday-Blitz-February-13-2024"]
[Site "Chess.com"]
[Date "2024.02.13"]
[Round "5"]
[White "terrortoast"]
[Black "ansko1999"]
[Result "0-1"]
[WhiteElo "2466"]
[BlackElo "2639"]
[TimeControl "180+1"]
[EndTime "14:55:43 PST"]
[Termination "ansko1999 won on time"]

1. d4 Nf6 2. c4 e6 3. Nc3 d5 4.
cxd5 exd5 5. Bg5 c6 6. e3 h6 7.
Bh4 Bd6 8. Bd3 Nbd7 9. Nge2 Nf8 10. Qc2 Ne6 11. O-O-O Bd7 12. Ng3 Ng5 13. f4 Ne6 14.
Nf5 Bf8 15. e4 Nxf4 16. exd5 Nxd3+ 17. Qxd3 cxd5 18. Rhe1+ Be6 19. Qg3 g5 20. Bxg5 hxg5 21. Qxg5 Kd7 22. Rf1 Rc8 23. Ne3 Bh6 24. Qg3 Ne4 25. Qe1 Nxc3 26. bxc3 Qa5 27. Kb2 Rc6 28. Nc2 Rhc8 29. Rf3 Bf8 30. Qf2 Rxc3 31. Re1 Rxc2+ 32. Qxc2 Rxc2+ 33. Kxc2 Qxe1 0-1

[Event "Late-Titled-Tuesday-Blitz-February-13-2024"]
[Site "Chess.com"]
[Date "2024.02.13"]
[Round "5"]
[White "Shankland"]
[Black "FMJoseHerrera"]
[Result "1-0"]
[WhiteElo "2944"]
[BlackElo "2705"]
[TimeControl "180+1"]
[EndTime "14:55:46 PST"]
[Termination "Shankland won on time"]

1. Nf3 Nf6 2. g3 b6 3. b3 Bb7 4. Bb2 c5 5. Bg2 e6 6. O-O Be7 7. c4 O-O 8. Nc3 d6 9. Re1 Nbd7 10. e4 a6 11. d4 cxd4 12. Nxd4 Qc7 13. Rc1 Rac8 14.
f4 Qb8 15. g4 g6 16. h3 Qa8 17. Qe2 e5 18. fxe5 dxe5 19. Nc2 Rfe8 20. Ne3 Nxe4 21. Nxe4 Bxe4 22. Nd5 Bc5+ 23. Kh2 Bxg2 24. Qxg2 Qb8 25.
Rcd1 Bd4 26. Bxd4 exd4+ 27. Qg3 Qxg3+ 28. Kxg3 Rxe1 29. Rxe1 Kg7 30. Rd1 b5 31. cxb5 axb5 32. Rxd4 Rc2 33. Nb4 Rc7 34. Rd5 Rc3+ 35. Rd3 Rc7 36.
Nd5 Ra7 37. Rd2 Nc5 38. Kf4 Rd7 39. Ke3 Ne6 40. Nc3 Rb7 41. b4 Ra7 42. Nxb5 Ra4 43. a3 f5 44. gxf5 gxf5 45. Kd3 Kf6 46. Kc4 Ra8 47. Kb3 Ke5 48. Re2+ Kf6 49. Rxe6+ Kxe6 50. Nc7+ Ke5 51. Nxa8 Kd4 52. Kc2 Ke3 53. Nc7 1-0

[Event "Late-Titled-Tuesday-Blitz-February-13-2024"]
[Site "Chess.com"]
[Date "2024.02.13"]
[Round "5"]
[White "FairChess_on_YouTube"]
[Black "BilodeauA"]
[Result "0-1"]
[WhiteElo "3081"]
[BlackElo "2965"]
[TimeControl "180+1"]
[EndTime "14:55:48 PST"]
[Termination "BilodeauA won on time"]

1. e4 e5 2. Nf3 Nc6 3. d4 exd4 4. Nxd4 Bc5 5. Be3 Qf6 6. c3 Nge7 7. Bb5 Bb6 8. O-O O-O 9. a4 a5 10. Re1 d5 11.
Nxc6 bxc6 12. Bd3 Bxe3 13. Rxe3 Ng6 14. Nd2 Be6 15. e5 Qe7 16. Qh5 Rab8 17. b3 f5 18.
exf6 Qxf6 19. Nf3 Bf5 20. Bxf5 Qxf5 21. Qxf5 Rxf5 22. b4 axb4 23. cxb4 Rf4 24. Rb3 c5 25. b5 c4 26. Rbb1 d4 27. a5 d3 28. Rb4 c3 29. Rb3 Rc4 30. a6 Nf4 31. a7 Ra8 32. Kf1 c2 33. Rc1 Ne2 34. Nd2 Nxc1 35. Ra3 Ne2 0-1

[Event "Late-Titled-Tuesday-Blitz-February-13-2024"]
[Site "Chess.com"]
[Date "2024.02.13"]
[Round "5"]
[White "KorolDimitriy75"]
[Black "nitpicker"]
[Result "1-0"]
[WhiteElo "2427"]
[BlackElo "2244"]
[TimeControl "180+1"]
[EndTime "14:55:48 PST"]
[Termination "KorolDimitriy75 won on time"]

1. d4 Nf6 2. c4 e6 3. Nc3 Bb4 4. Qc2 d5 5. cxd5 exd5 6. Bg5 c6 7. e3 O-O 8. Bd3 h6 9. Bh4 Nbd7 10. Ne2 b6 11. f3 Be7 12. O-O a5 13. Rad1 Ba6 14. h3 Bxd3 15. Qxd3 b5 16. Bf2 b4 17. Na4 Re8 18. e4 dxe4 19. fxe4 Qb8 20. Qf3 Bf8 21. Ng3 Qb5 22. b3 Rad8 23. e5 Nd5 24. Ne4 Be7 25. Qg4 Rf8 26. Kh1 f5 27. exf6 N7xf6 28. Qe6+ Kh8 29. Ng3 Rde8 30. Rc1 Bc5 31. Qf5 Ba7 32.
Bg1 Ne3 33. Bxe3 Rxe3 34. Qf4 Re7 35. Nf5 Ref7 36. Nd6 1-0

[Event "Late-Titled-Tuesday-Blitz-February-13-2024"]
[Site "Chess.com"]
[Date "2024.02.13"]
[Round "5"]
[White "GothamChess"]
[Black "Kotlyar_K"]
[Result "1-0"]
[WhiteElo "2710"]
[BlackElo "2512"]
[TimeControl "180+1"]
[EndTime "14:55:50 PST"]
[Termination "GothamChess won by checkmate"]

1. e4 c6 2. d4 d5 3. Nc3 dxe4 4. Nxe4 Nf6 5. Ng5 h6 6. Nxf7 Kxf7 7. Nf3 Kg8 8. Bc4+ e6 9. O-O c5 10. c3 Nc6 11. Re1 cxd4 12. Rxe6 Bxe6 13. Bxe6+ Kh7 14.
Nh4 Ne7 15. cxd4 g6 16. Qd3 Qd6 17. Qh3 Bg7 18. Nf3 Ne4 19. Be3 Nf5 20. Bb3 Nxe3 21. fxe3 Rhf8 22. Rc1 Rae8 23. Bc2 Bf6 24. Bd3 Ng5 25.
Qg4 Rxe3 26. Bxg6+ Kxg6 27. Nh4+ Kh7 28. Qf5+ Kg7 29.
Qg6+ Kh8 30. Qxh6+ Nh7 31. Nf5 Qe6 32. Nxe3 Qe4 33. Rf1 Bxd4 34. Rxf8# 1-0

[Event "Late-Titled-Tuesday-Blitz-February-13-2024"]
[Site "Chess.com"]
[Date "2024.02.13"]
[Round "5"]
[White "Jamal-Jamal-Jamal"]
[Black "Zq1"]
[Result "0-1"]
[WhiteElo "2267"]
[BlackElo "2497"]
[TimeControl "180+1"]
[EndTime "14:55:51 PST"]
[Termination "Zq1 won by resignation"]

1. d4 Nf6 2. c4 a6 3. Nf3 c5 4. d5 b5 5. Qc2 d6 6. Bf4 g6 7. h3 Bf5 8. Qd1 Bg7 9. Nbd2 O-O 10. g4 Bd7 11. Bg2 a5 12. O-O a4 13. Rc1 Na6 14. e4 Nb4 15. Qe2 bxc4 16. Nxc4 Nxa2 17. Rcd1 Bb5 18.
e5 Ne8 19. e6 f5 20. Nfd2 fxg4 21. Qxg4 Nf6 22. Qh4 Nb4 23. Bh6 Bxh6 24. Qxh6 Nc2 25. f4 Nd4 26. f5 Nxf5 27. Rxf5 gxf5 28. Qg5+ Kh8 29. Qxf5 Qe8 30. Kh1 Qg6 31. Qf3 Nh5 32. Qc3+ Qf6 33. Qc2 Ng3+ 34. Kh2 Qf4 35. Kg1 Qf2+ 36.
Kh2 Ne2 37. Ne4 Qf4+ 38. Kh1 Nd4 39. Qe2 0-1

[Event "Late-Titled-Tuesday-Blitz-February-13-2024"]
[Site "Chess.com"]
[Date "2024.02.13"]
[Round "5"]
[White "norwaytoadog"]
[Black "Misterfox120"]
[Result "1-0"]
[WhiteElo "2216"]
[BlackElo "2391"]
[TimeControl "180+1"]
[EndTime "14:55:51 PST"]
[Termination "norwaytoadog won by checkmate"]

1. e4 Nf6 2. e5 Nd5 3. d4 d6 4. Nf3 dxe5 5. Nxe5 c6 6. Bc4 Nd7 7. Nf3 N7f6 8. O-O Bg4 9. h3 Bh5 10. Re1 e6 11. Be2 Bd6 12. Ne5 Bxe2 13. Qxe2 O-O 14. c4 Ne7 15. Nc3 Ng6 16. Bg5 Re8 17. h4 Be7 18. h5 Nxe5 19. dxe5 Nd7 20. Bxe7 Qxe7 21. Rad1 Rad8 22. Rd6 Nb6 23. Red1 Nc8 24. R6d3 h6 25. Ne4 Rxd3 26. Qxd3 Qc7 27. f4 Nb6 28. b3 Qe7 29. g3 Qc7 30. Kg2 Re7 31. Qd8+ Qxd8 32. Rxd8+ Kh7 33.
Nc5 a5 34. Kf3 a4 35. g4 axb3 36. axb3 Rc7 37. Ke4 Nc8 38. Nd7 g6 39. Nf6+ Kg7 40.
Rg8# 1-0

[Event "Late-Titled-Tuesday-Blitz-February-13-2024"]
[Site "Chess.com"]
[Date "2024.02.13"]
[Round "5"]
[White "Jahonas"]
[Black "DanylaBagrov"]
[Result "1/2-1/2"]
[WhiteElo "2384"]
[BlackElo "2555"]
[TimeControl "180+1"]
[EndTime "14:55:52 PST"]
[Termination "Game drawn by repetition"]

1. d4 f5 2. c4 Nf6 3. Nc3 g6 4. Bg5 Bg7 5. Nf3 O-O 6. h3 d6 7.
e3 c6 8. Be2 a5 9. O-O Na6 10.
a3 Nc7 11. Qc2 Be6 12. b4 axb4 13. axb4 Qd7 14. Qb2 b5 15. Bxf6 Bxf6 16. c5 Nd5 17. Nxd5 Bxd5 18. Rxa8 Rxa8 19. Ra1 Qb7 20. Ra3 dxc5 21.
bxc5 Rxa3 22. Qxa3 b4 23. Qb2 Qb8 24. Nd2 e5 25.
Nc4 exd4 26. exd4 Qf4 27. Ne5 Qe4 28. Bf3 Qe1+ 29. Kh2 Bxe5+ 30. dxe5 Bxf3 31. gxf3 f4 32. Kg2 Kf8 33. e6 Qxe6 34. Qxb4 Qd5 35. Qb8+ Kg7 36.
Qc7+ Kg8 37. Qb8+ Kg7 38. Qc7+ Kg8 39. Qb8+ Kg7 1/2-1/2

[Event "Late-Titled-Tuesday-Blitz-February-13-2024"]
[Site "Chess.com"]
[Date "2024.02.13"]
[Round "5"]
[White "vi_pranav"]
[Black "TenisMaster"]
[Result "1-0"]
[WhiteElo "3053"]
[BlackElo "2930"]
[TimeControl "180+1"]
[EndTime "14:55:53 PST"]
[Termination "vi_pranav won by resignation"]

1. e4 d5 2. exd5 Qxd5 3. Nc3 Qa5 4. d4 Nf6 5. Nf3 Bf5 6. Bc4 e6 7. Bd2 Bb4 8. O-O Nc6 9. a3 Bxc3 10. Bxc3 Qb6 11. b4 a6 12. Qe2 O-O 13. h3 Rad8 14.
Rfd1 Rd7 15. Ne5 Nxe5 16. dxe5 Nd5 17. Bxd5 Rxd5 18. Rxd5 exd5 19. Rd1 Qg6 20. g4 Bxc2 21. Rxd5 Qc6 22. Rc5 Qg6 23. Rxc7 Be4 24. Qc4 Bc6 25. Qe2 Qe6 26. Kh2 Rd8 27. f3 h6 28. Kg3 h5 29. Qe3 Rd1 30. Qe2 Rg1+ 31. Kh2 Rc1 32. Qd2 Rf1 33. Qd8+ Kh7 34. Rc8 Qa2+ 35. Bd2 Rf2+ 36.
Kg3 Rxf3+ 37. Kh4 Rxh3+ 38. Kxh3 hxg4+ 39. Kh4 Kg6 40. Qg5+ 1-0